 Dungeon Crawl Stone Soup version 0.18-a0-1372-gd644665 (webtiles) character file.

122 Kilingo the Cudgeler (level 5, 0/85 HPs)
             Began as an Ogre Berserker on Feb 22, 2016.
             Was a Believer of Trog.
             Slain by Duffy's ghost (13 damage)
             ... on level 3 of the Dungeon.
             The game lasted 00:36:31 (2566 turns).

Kilingo the Cudgeler (Ogre Berserker)               Turns: 2566, Time: 00:36:32

Health: 0/85       AC:  5    Str: 27    XL:     5   Next: 6%
Magic:  5/5        EV: 10    Int:  6    God:    Trog [**....]
Gold:   100        SH:  0    Dex: 10    Spells: 0 memorised, 4 levels left

rFire  + . .     SeeInvis .     a - +0 mace
rCold  . . .     Gourm    .     q - +0 troll leather armour
rNeg   . . .     Faith    .     (no shield)
rPois  .         Spirit   .     (helmet restricted)
rElec  .         Dismiss  .     (no cloak)
rCorr  .         Reflect  .     (gloves unavailable)
SustAt .         Harm     .     (boots unavailable)
MR     .....                    (no amulet)
Stlth  ..........               (no ring)
                                l - ring of protection from fire

@: berserking (expiring), lethally poisoned (0 -> -3), very quick, not resistant
to hostile enchantments, extremely unstealthy
A: unfitting armour, tough skin 1
a: Berserk, Trog's Hand, Burn Spellbooks, Renounce Religion


You were on level 3 of the Dungeon.
You worshipped Trog.
Trog was pleased with you.
You were not hungry.

You visited 1 branch of the dungeon, and saw 3 of its levels.

You collected 100 gold pieces.

Inventory:

Hand Weapons
 a - a +0 mace (weapon)
Missiles
 e - 80 stones (quivered)
Armour
 q - a +0 troll leather armour (worn)
Jewellery
 l - a ring of protection from fire (left hand)
Scrolls
 h - a scroll of fog {unknown}
 m - a scroll of remove curse {unknown}
 p - a scroll of magic mapping {unknown}
Potions
 d - a potion of resistance
 f - a potion of degeneration {unknown}
 i - a potion of mutation {unknown}
 j - a potion of heal wounds {unknown}
 o - a potion of flight {unknown}
Comestibles
 c - 4 chunks of flesh
 g - a meat ration
 k - a bread ration
 n - a slice of pizza


   Skills:
 + Level 5.0 Fighting
 + Level 5.3 Maces & Flails
 - Level 0.2 Throwing
 * Level 3.8 Dodging


You had 4 spell levels left.
You didn't know any spells.

Dungeon Overview and Level Annotations

Branches:
Dungeon (3/15)

Altars:

Annotations:
D:3 Duffy's ghost, amateur FoFi


Innate Abilities, Weirdness & Mutations

You are too large for most types of armour.
You have tough skin (AC +1).


Message History

The stone hits the hobgoblin but does no damage.
You feel sick.
A red film seems to cover your vision as you go berserk!
You feel yourself moving faster!
You feel mighty!
You feel somewhat more hungry.
You feel sick. The hobgoblin hits you with a club.
* * * LOW HITPOINT WARNING * * *
You sock the hobgoblin!
You kill the hobgoblin!
Trog accepts your kill.
You feel sick.
You feel sick.
Duffy's ghost turns its malevolent gaze towards you.
Things that are here:
a flail; an orc corpse You feel a strong urge to attack something.
You feel sick.
You see here 2 stones.
You feel sick. Duffy's ghost hits you!
You die...

### .... .... ..... ###.
...(.####### #....
.......().###.....
###.#.(.#)).....#.
#..(..##(....... ######
#(......@.......##....#
.
#(#.....W##.###.......#
. #.#......#..#
##.#..##. #
#...[..#.####.#........
#.............#........
######รท.##..##.........
#####..##...##........
##......###..####......
##............).......##


You could see Duffy's ghost.

Vanquished Creatures
  An orc wizard (D:3)
  2 adders
  3 giant geckos
  5 orcs (D:3)
  8 bats
  2 giant cockroaches
  9 hobgoblins
  7 jackals (D:1)
  2 ball pythons (D:3)
  5 giant newts
  8 goblins
  7 kobolds
  2 rats
61 creatures vanquished.

Notes
Turn   | Place    | Note
--------------------------------------------------------------
     0 | D:1      | Kilingo the Ogre Berserker began the quest for the Orb.
     0 | D:1      | Reached XP level 1. HP: 24/24 MP: 1/1
   104 | D:1      | Reached XP level 2. HP: 29/32 MP: 2/2
   634 | D:1      | Reached XP level 3. HP: 40/40 MP: 3/3
   824 | D:1      | Reached ** piety under Trog
  1779 | D:2      | Reached XP level 4. HP: 49/49 MP: 4/4
  1898 | D:2      | Reached skill level 5 in Maces & Flails
  2099 | D:3      | Noticed Duffy's ghost (amateur FoFi)
  2556 | D:3      | Reached skill level 5 in Fighting
  2556 | D:3      | Reached XP level 5. HP: 21/57 MP: 5/5
  2566 | D:3      | Slain by Duffy's ghost

Vault maps used:
D:1:      dpeg_arrival_three_smaller_balls
D:3:      minitemple, first_bread, serial_bayou_pond_e

Action                   |  1- 3 |  4- 6 || total
-------------------------+-------+-------++-------
Melee: Mace              |    86 |    66 ||   152
Throw: Stone             |    61 |    38 ||    99
Invok: Trog's Hand       |       |     1 ||     1
       Berserk           |       |     1 ||     1
  Use: Scroll            |     3 |       ||     3
  Eat: Bread ration      |     1 |       ||     1
       Chunk             |     1 |       ||     1
